 Dungeon Crawl Stone Soup version 0.24.0-2-g5b39cebb1c (webtiles) character file.

Game seed: 14692121390408103645, levelgen mode: deterministic

844 IceCat the Ruffian (level 7, 43/58 HPs)
             Began as a Red Draconian Transmuter on Oct 31, 2019.
             Was an Initiate of Cheibriados.
             Quit the game on level 4 of the Dungeon.
             The game lasted 00:11:52 (3251 turns).

IceCat the Ruffian (Red Draconian Transmuter)       Turns: 3251, Time: 00:11:53

Health: 43/58      AC:  7    Str: 15    XL:     7   Next: 68%
Magic:  5/12       EV: 14    Int: 15    God:    Cheibriados [......]
Gold:   136        SH:  0    Dex: 17    Spells: 9/12 levels left

rFire    + . .     SeeInvis .     - Unarmed
rCold    . . .     Gourm    .   (no shield)
rNeg     + . .     Faith    .   (armour unavailable)
rPois    .         Spirit   .   (helmet restricted)
rElec    .         Reflect  .   (no cloak)
rCorr    .         Harm     .   (no gloves)
MR       .....                  b - +0 pair of boots
Stlth    ++........             (no amulet)
HPRegen  0.19/turn              n - ring of positive energy
MPRegen  0.13/turn              q - +5 ring of dexterity

@: appendage (expiring), very slow
A: breathe fire, unfitting armour, horns 2, fire resistance 1, cold-blooded, AC
+6
a: Breathe Fire, End Transformation, Bend Time, Renounce Religion


You were on level 4 of the Dungeon.
You worshipped Cheibriados.
Cheibriados was noncommittal.
You were hungry.
You had grown temporary horns.
You visited 2 branches of the dungeon, and saw 5 of its levels.

You collected 136 gold pieces.

Inventory:

Missiles
 a - 98 arrows
Armour
 b - a +0 pair of boots (worn)
Jewellery
 d - an uncursed ring of stealth
 n - a ring of positive energy (left hand)
 o - an uncursed ring of stealth
 q - a +5 ring of dexterity (right hand)
Scrolls
 f - a scroll of noise {unknown}
 g - a scroll of fog {unknown}
 i - a scroll of identify {unknown}
 j - a scroll of enchant armour {unknown}
 k - a scroll of magic mapping {unknown}
 p - a scroll of teleportation {unknown}
 r - a scroll of blinking
Potions
 e - a potion of might {unknown}
 h - a potion of degeneration {unknown}
 l - 2 potions of curing
 m - a potion of cancellation {unknown}
 s - a potion of haste {unknown}
 t - a potion of agility {unknown}
 u - a potion of heal wounds {unknown}
 v - 2 potions of mutation {unknown}
Comestibles
 c - 11 rations


   Skills:
 + Level 3.7 Fighting
 + Level 3.3 Dodging
 * Level 5.5 Unarmed Combat
 + Level 3.4 Spellcasting
 * Level 5.1 Transmutations


You had 9 spell levels left.
You knew the following spells:

 Your Spells              Type           Power        Failure   Level  Hunger
a - Beastly Appendage     Tmut           ###...       2%          1    None
b - Sticks to Snakes      Tmut           ###.....     3%          2    ##.....

Your spell library contained the following spells:

 Spells                   Type           Power        Failure   Level  Hunger
 Confusing Touch          Hex            #.....       19%         1    None
 Spider Form              Tmut/Pois      ##........   21%         3    ###....
 Confuse                  Hex            #.......     50%         3    ###....
 Gell's Gravitas          Tloc           #.........   50%         3    ###....
 Blade Hands              Tmut           ###.......   54%         5    ######.
 Ice Form                 Ice/Tmut       ##......     56%         4    ####...
 Petrify                  Tmut/Erth      ##......     56%         4    ####...
 Yara's Violent Unravell  Hex/Tmut       ##........   88%         5    ######.
 Metabolic Englaciation   Hex/Ice        #.........   99%         5    ######.


Dungeon Overview and Level Annotations

Branches:
Dungeon (4/15)             Temple (1/1) D:4

Altars:
Cheibriados
Elyvilon
Fedhas
Gozag
Hepliaklqana
Kikubaaqudgha
Makhleb
Okawaru
Qazlal
Uskayaw
Vehumet
Wu Jian
Yredelemnul
Zin


Innate Abilities, Weirdness & Mutations

You can breathe blasts of fire.
Your fiery red scales are hard. (AC +6)
You cannot fit into any form of body armour.
Your flesh is heat resistant. (rF+)
You are cold-blooded and may be slowed by cold attacks.
You have a pair of horns on your head.


Message History

Your ball python bites Pikel but does no damage.
Your ball python constricts Pikel.
The slave barely misses you.
Your ball python bites Pikel but does no damage.
You hit Pikel but do no damage. You headbutt Pikel.
You kill Pikel!
Cheibriados thoroughly appreciates the change of pace.
Your Fighting skill increases to level 3!
Your Dodging skill increases to level 3!
Your Unarmed Combat skill increases to level 5!
Your Spellcasting skill increases to level 3!
Your Transmutations skill increases to level 5!
You have reached level 7!
Your scales start taking on a fiery red colour.
You learn Fire Magic much quicker.
You learn Ice Magic much slower.
You can breathe blasts of fire.
You feel resistant to heat.
With Pikel's spell broken, the former slaves thank you for their freedom.
Quiver which item? (- for none, * to show all) (? for menu, Esc to quit)
Okay, then.
Are you sure you want to abandon this character and quit the game? (Confirm with "yes".)

.........#.........#.....#....
.........#.........+.....'....
.........'.........#.....#....
#......#################....
#......#....................
#......#....................
######'##....................
#...........pp...............
#...........@p...........####
#...........Sp...........#...
#...........S............#...
#..b..b..................'...
#........................#...
.........######'##########...
.........# ..........#...
...... ..........#... ....
.........#...


You could see 4 neutral freed slaves and 2 friendly ball pythons.

Vanquished Creatures
  Pikel (D:4)
  A centaur (D:4)
  A scorpion (D:4)
  A hound (D:2)
  An orc priest (D:3)
  Robin (D:2)
  6 adders
  3 oozes
  An adder skeleton (D:4)
  A dart slug (D:2)
  3 leopard geckos
  8 orcs (D:3)
  2 ball pythons
  18 giant cockroaches
  7 hobgoblins
  12 jackals
  2 quokkas
  9 bats
  7 frilled lizards
  14 goblins
  4 kobolds
  4 rats
107 creatures vanquished.

Notes
Turn   | Place    | Note
-------+----------+-------------------------------------------
     0 | D:1      | IceCat the Draconian Transmuter began the quest for the
                  | Orb.
     0 | D:1      | Reached XP level 1. HP: 16/16 MP: 3/3
   116 | D:1      | Reached XP level 2. HP: 19/23 MP: 5/5
   561 | D:1      | Reached XP level 3. HP: 25/28 MP: 6/6
   702 | D:2      | Noticed Robin
   870 | D:2      | Killed Robin
   910 | D:2      | Reached XP level 4. HP: 34/36 MP: 7/7
   927 | D:2      | Found an ornate altar of the Wu Jian Council.
  1596 | D:3      | Reached XP level 5. HP: 22/41 MP: 8/8
  1895 | D:3      | Learned a level 2 spell: Sticks to Snakes
  2008 | D:3      | Found an opulent altar of Gozag.
  2339 | D:4      | Found a hide-covered altar of Uskayaw.
  2340 | D:4      | Noticed a +0 hand axe
  2341 | D:4      | Noticed a +0 dagger
  2366 | D:4      | Reached XP level 6. HP: 15/50 MP: 10/10
  2812 | D:4      | Noticed Pikel
  2812 | D:4      | Noticed a slave
  2880 | D:4      | Found a staircase to the Ecumenical Temple.
  2892 | Temple   | Entered the Ecumenical Temple
  2953 | Temple   | Became a worshipper of Cheibriados the Contemplative
  3224 | D:4      | Found a hazy altar of Hepliaklqana.
  3245 | D:4      | Noticed a slave
  3245 | D:4      | Noticed a slave
  3245 | D:4      | Noticed a slave
  3250 | D:4      | Killed Pikel
  3250 | D:4      | Reached skill level 5 in Unarmed Combat
  3250 | D:4      | Reached skill level 5 in Transmutations
  3250 | D:4      | Your scales start taking on a fiery red colour.
  3250 | D:4      | Reached XP level 7. HP: 43/58 MP: 5/12
  3250 | D:4      | Gained mutation: Your flesh is heat resistant. (rF+) [Red
                  | Draconian growth]
  3251 | D:4      | Quit the game

Levels and vault maps discovered:
D:1:      dpeg_arrival_pond, layout_loops_ring
D:2:      layout_rooms, lemuel_round_altar, first_ration, grunt_ministairs_11,
          uniq_robin
D:3:      minmay_roachtagon, layout_basic, marbit_many_paths
D:4:      layout_gridville, overflow_temple_1_default, dancing_weapons_uskayaw,
          minmay_temple_entry_butterflies, uniq_pikel
Temple:   eino_wide_crystal_templ

Skill      XL: |  1  2  3  4  5  6 |
---------------+-------------------+-----
Dodging        | 2 3 |  3.3
Transmutations | 3 5 |  5.1
Fighting       | 2 3 |  3.7
Unarmed Combat | 4 5 |  5.5
Spellcasting   | 3 |  3.4

Action                   |  1- 3 |  4- 6 |  7- 9 || total
-------------------------+-------+-------+-------++-------
Melee: Unarmed           |   138 |   310 |       ||   448
       Tailslap          |    12 |    33 |       ||    45
       Kick              |     2 |       |       ||     2
       Punch             |     4 |     5 |       ||     9
       Headbutt          |     5 |    25 |       ||    30
 Cast: Beastly Appendage |     6 |    18 |       ||    24
       Sticks to Snakes  |       |     3 |       ||     3
  Use: Potion            |       |     1 |       ||     1
       Scroll            |       |     1 |       ||     1
 Stab: Sleeping          |     4 |     1 |       ||     5
  Eat: Chunk             |       |     8 |       ||     8
Armor: Skin              |    55 |   154 |       ||   209
Dodge: Dodged            |    88 |   278 |       ||   366
